Map: [ESL] Post-Youth

Players

MaxPax - Winner!

  • Race: Protoss Protoss
  • Spawn Location: 1:00

Elazer

  • Race: Zerg Zerg
  • Spawn Location: 7:00

Event: ESL SC2 Masters 2024 Spring (Regional)

VOD

Have the link to the VOD?

Description

Time

  • Played on: April 28, 2024, 10:26 a.m.
  • Length: 14:42

All games in this series

Show
View Real Time Build Order
Export as new Build Order

MaxPax Protoss - Winner!

Build Orders: 1 Gate Expand, Oracle Opening 

Get SALT Encoding   

  12  0:00  Probe  
  13  0:12  Probe  
  14  0:17  Pylon  
  14  0:24  Probe (Chrono Boost)  
  15  0:37  Probe (Chrono Boost), Gateway  
  16  0:43  Probe (Chrono Boost)  
  16  0:46  Assimilator  
  17  0:51  Probe  
  18  1:03  Probe  
  19  1:15  Probe  
  20  1:23  Nexus  
  20  1:33  Cybernetics Core  
  20  1:36  Probe  
  21  1:42  Assimilator  
  21  1:48  Probe  
  21  1:51  Pylon  
  22  2:01  Probe  
  23  2:06  Adept (Chrono Boost)  
  23  2:13  Probe  
  26  2:21  Stargate  
  26  2:25  Probe (Chrono Boost)  
  26  2:26  Adept (Chrono Boost)  
  29  2:35  Warp Gate  
  29  2:36  Probe (Chrono Boost)  
  30  2:43  Probe (Chrono Boost)  
  31  2:45  Probe (Chrono Boost)  
  31  2:50  Probe x2 (Chrono Boost), Adept  
  36  3:01  Probe  
  36  3:02  Probe  
  36  3:03  Oracle (Chrono Boost)  
  38  3:09  Pylon  
  41  3:13  Probe  
  41  3:14  Probe  
  43  3:25  Probe  
  43  3:26  Probe  
  45  3:33  Oracle (Chrono Boost)  
  41  3:34  Gateway  
  41  3:37  Probe  
  41  3:38  Probe  
  46  3:49  Nexus  
  46  3:51  Pylon  
  46  3:54  Probe  
  47  3:56  Probe  
  47  4:01  Assimilator  
  47  4:02  Assimilator  
  47  4:04  Pylon, Oracle  
  47  4:08  Probe x2  
  52  4:18  Pylon  
  52  4:20  Probe  
  54  4:24  Probe  
  54  4:32  Probe  
  54  4:36  Twilight Council, Probe  
  54  4:37  Pylon, Forge  
  56  4:44  Probe  
  57  4:46  Gateway x2  
  57  4:51  Probe (Chrono Boost)  
  58  4:55  Stalker x2  
  58  4:58  Pylon  
  63  5:00  Probe (Chrono Boost)  
  63  5:02  Probe (Chrono Boost)  
  63  5:03  Probe (Chrono Boost)  
  63  5:06  Shield Battery  
  65  5:09  Blink (Chrono Boost)  
  65  5:11  Probe (Chrono Boost)  
  65  5:13  Probe (Chrono Boost)  
  67  5:15  Probe (Chrono Boost)  
  67  5:16  Probe (Chrono Boost)  
  69  5:21  Probe  
  69  5:22  Protoss Ground Weapons Level 1 (Chrono Boost)  
  69  5:25  Probe  
  72  5:30  Gateway  
  72  5:32  Stalker  
  72  5:33  Stalker  
  76  5:37  Probe  
  76  5:39  Robotics Facility  
  76  5:42  Stalker  
  78  5:43  Stalker  
  78  5:48  Gateway  
  78  5:49  Probe  
  81  5:56  Pylon  
  81  5:57  Stalker  
  81  6:01  Stalker  
  85  6:06  Stalker  
  87  6:22  Probe x2  
  87  6:23  Stalker x2  
  87  6:25  Assimilator  
  84  6:26  Assimilator  
  84  6:28  Stalker x2  
  84  6:31  Oracle  
  88  6:34  Probe x2  
  88  6:37  Probe  
  88  6:38  Observer  
  88  6:39  Robotics Bay  
  88  6:43  Shield Battery  
  88  6:44  Photon Cannon  
  88  6:46  Probe  
  90  6:47  Probe  
  90  6:49  Probe  
  90  6:52  Stalker x2  
  96  6:55  Stalker  
  96  6:58  Probe  
  96  6:59  Probe  
  100  7:01  Probe  
  100  7:06  Stalker x2  
  105  7:11  Probe  
  105  7:14  Pylon  
  106  7:17  Stalker  
  106  7:21  Pylon  
  108  7:22  Shield Battery  
  108  7:30  Colossus (Chrono Boost)  
  112  7:45  Stalker x5  
  112  7:48  Stalker  
  120  7:59  Probe  
  120  8:03  Extended Thermal Lance, Nexus  
  121  8:06  Protoss Ground Weapons Level 2 (Chrono Boost)  
  121  8:09  Probe x2  
  121  8:11  Probe  
  124  8:13  Photon Cannon  
  124  8:14  Shield Battery  
  124  8:22  Pylon  
  124  8:23  Colossus (Chrono Boost)  
  124  8:31  Pylon  
  124  8:32  Pylon  
  123  8:41  Zealot  
  122  8:49  Zealot x5  
  122  8:53  Probe  
  122  8:55  Probe  
  115  9:01  Probe  
  107  9:05  Probe  
  107  9:07  Probe, Colossus (Chrono Boost)  
  113  9:13  Probe (Chrono Boost)  
  114  9:17  Stalker x6  
  114  9:20  Shield Battery  
  127  9:27  Probe (Chrono Boost)  
  128  9:34  Probe (Chrono Boost)  
  128  9:35  Probe (Chrono Boost)  
  128  9:37  Probe (Chrono Boost)  
  130  9:42  Probe  
  130  9:43  Probe  
  132  9:48  Probe  
  133  9:52  Templar Archives  
  133  9:53  Charge  
  133  9:54  Probe  
  133  9:55  Probe  
  135  10:03  Colossus (Chrono Boost)  
  141  10:26  Nexus  
  141  10:28  Pylon  
  141  10:33  Pylon x3  
  141  10:42  Observer (Chrono Boost)  
  140  10:52  Probe  
  140  10:53  Probe  
  140  10:54  Photon Cannon  
  140  10:55  High Templar x6, Shield Battery  
  154  11:07  Probe  
  154  11:08  Archon x3  
  155  11:17  Immortal, Probe x2  
  160  11:21  Robotics Facility  
  160  11:30  Zealot x6  
  160  11:32  Protoss Ground Weapons Level 3  
  172  11:34  Pylon  
  169  11:43  Probe  
  168  11:49  Probe x3  
  171  11:54  High Templar  
  171  11:55  Zealot x2, High Templar x3  
  171  11:59  Gateway  
  171  12:00  Archon, Gateway  
  183  12:05  Probe  
  184  12:13  Probe  
  185  12:17  Archon  
  185  12:18  Probe x2  
  185  12:20  Pylon, Assimilator  
  187  12:25  Observer  
  153  12:48  Immortal (Chrono Boost)  
  153  12:51  Immortal (Chrono Boost), Probe  
  162  12:54  High Templar x6  
  162  12:55  Zealot  
  176  12:58  Archon x3  
  176  13:00  Gateway  
  176  13:02  Gateway  
  176  13:03  Pylon, Photon Cannon  
  172  13:13  Immortal (Chrono Boost)  
  172  13:18  Immortal (Chrono Boost)  
  180  13:20  Zealot x2  
  176  13:30  Zealot x6  
  169  13:50  Immortal (Chrono Boost)  
  167  13:57  High Templar x2, Probe x2  
  167  13:59  Immortal (Chrono Boost)  
  167  14:02  Zealot x8  
  153  14:23  High Templar x2  
  157  14:24  High Templar x2  
  157  14:27  Archon  
  157  14:28  Nexus  
  160  14:35  Zealot x3  
  160  14:36  Zealot  
Show
View Real Time Build Order
Export as new Build Order

Elazer Zerg 

Build Orders: Hatch First, Lurkers 

Get SALT Encoding   

  12  0:00  Drone  
  13  0:12  Overlord  
  13  0:17  Drone  
  14  0:30  Drone x2  
  16  0:48  Hatchery  
  15  0:52  Drone  
  15  0:55  Drone  
  17  0:59  Drone  
  18  1:08  Extractor  
  17  1:15  Spawning Pool  
  17  1:18  Drone  
  17  1:22  Drone  
  18  1:27  Drone  
  19  1:38  Drone  
  20  1:51  Drone  
  21  2:01  Drone, Queen x2  
  22  2:02  Overlord  
  26  2:11  Drone x2  
  26  2:14  Metabolic Boost  
  28  2:24  Drone x2  
  30  2:36  Zergling x4  
  32  2:37  Queen  
  34  2:46  Overlord  
  34  2:47  Hatchery  
  33  2:52  Queen  
  33  2:55  Drone  
  36  3:03  Overlord  
  36  3:07  Drone x3  
  36  3:09  Drone x3  
  42  3:24  Drone x4  
  42  3:29  Drone  
  42  3:33  Drone  
  43  3:36  Queen  
  43  3:40  Queen  
  47  3:46  Drone x3  
  47  3:47  Drone  
  51  3:57  Overlord  
  51  4:00  Drone x4  
  55  4:05  Drone  
  55  4:06  Spore Crawler  
  54  4:15  Queen x2  
  57  4:17  Drone x3  
  57  4:20  Spore Crawler  
  59  4:24  Drone x4  
  59  4:26  Drone  
  59  4:30  Zergling x4  
  64  4:44  Drone  
  64  4:45  Roach Warren, Drone, Hatchery  
  64  4:46  Drone  
  64  4:47  Drone  
  66  4:56  Overlord  
  66  4:58  Overlord  
  66  4:59  Lair  
  66  5:00  Evolution Chamber  
  66  5:02  Overlord  
  66  5:04  Drone  
  66  5:07  Overlord  
  66  5:08  Overlord  
  62  5:21  Drone x4  
  62  5:23  Zergling x18  
  62  5:26  Zerg Melee Weapons Level 1  
  75  5:29  Zergling x4  
  77  5:36  Zergling x8  
  77  5:40  Zergling x2  
  77  5:41  Zergling x12  
  88  5:51  Spore Crawler  
  88  5:52  Spore Crawler, Drone  
  88  5:54  Drone x2  
  89  5:57  Drone x2  
  89  6:03  Drone x2  
  93  6:09  Overlord, Drone x7, Infestation Pit  
  95  6:19  Zergling x12  
  99  6:30  Zergling x8  
  97  6:36  Zergling x14  
  97  6:38  Overlord  
  99  6:45  Drone x7  
  99  6:46  Hive  
  106  6:49  Hatchery  
  106  6:50  Extractor  
  106  6:51  Extractor  
  106  6:53  Drone x2, Extractor  
  104  6:55  Drone x2  
  104  6:56  Extractor, Drone  
  104  6:58  Overlord  
  106  7:03  Drone x2  
  106  7:04  Drone  
  106  7:09  Drone x5  
  106  7:11  Drone x4  
  106  7:14  Drone x2  
  106  7:15  Drone  
  117  7:17  Hydralisk Den, Extractor  
  117  7:19  Drone x2  
  117  7:20  Evolution Chamber  
  117  7:22  Overlord  
  116  7:24  Extractor  
  116  7:25  Drone  
  116  7:27  Zerg Melee Weapons Level 2  
  116  7:30  Zergling x4  
  116  7:37  Zergling x2  
  116  7:38  Zergling x10  
  116  7:43  Zergling x2  
  116  7:44  Zergling x18  
  124  7:46  Zergling x2  
  118  7:56  Zergling x6  
  118  7:57  Grooved Spines  
  118  7:58  Zerg Missile Weapons Level 1  
  116  7:59  Zergling x2  
  116  8:01  Queen x4  
  116  8:03  Zergling x8  
  122  8:06  Zergling x6  
  122  8:08  Overlord  
  122  8:09  Zergling x2, Lurker Den  
  124  8:19  Zergling x18  
  133  8:25  Overlord  
  133  8:27  Hatchery  
  129  8:28  Overlord  
  129  8:30  Hydralisk  
  129  8:31  Hydralisk x4  
  139  8:39  Hydralisk x6  
  143  8:46  Zergling x6  
  142  8:54  Zergling x6  
  138  8:59  Zergling x8  
  134  9:03  Hydralisk x2  
  134  9:09  Seismic Spines  
  137  9:10  Lurker x2  
  137  9:11  Lurker  
  137  9:12  Zergling x16  
  147  9:20  Overlord x4  
  147  9:24  Lurker x2  
  147  9:26  Overlord  
  147  9:28  Hatchery  
  146  9:38  Lurker x2  
  141  9:46  Lurker  
  141  9:47  Overlord x2  
  141  9:50  Extractor  
  141  9:51  Extractor  
  135  10:00  Hatchery  
  135  10:06  Drone x2  
  135  10:10  Hydralisk x9, Drone x3  
  156  10:20  Adaptive Talons  
  147  10:35  Zergling x18, Hatchery  
  152  10:42  Lurker x4  
  152  10:53  Lurker x3  
  152  10:55  Zergling x16  
  163  11:08  Overlord  
  163  11:09  Drone x3  
  165  11:13  Drone x3  
  165  11:15  Spore Crawler  
  165  11:16  Spore Crawler  
  165  11:17  Viper x2  
  167  11:19  Zerg Missile Weapons Level 2  
  167  11:21  Overlord  
  159  11:46  Hydralisk x11  
  174  11:52  Lurker  
  174  11:53  Zergling x22  
  179  12:21  Hydralisk x10  
  185  12:35  Drone x12  
  182  12:44  Hydralisk x3  
  177  12:49  Hatchery  
  181  12:55  Overseer x2  
  181  12:58  Lurker x5  
  184  13:04  Zergling x8  
  182  13:10  Lurker  
  182  13:11  Lurker  
  184  13:17  Overlord  
  184  13:21  Hydralisk  
  175  13:28  Zergling x14  
  171  13:40  Hydralisk x3  
  120  14:10  Zergling x24  
  115  14:24  Hydralisk Den  
  115  14:27  Hatchery  
Tags
 
Add a new tag
Caveats
  • Supply blocks, unpowered buildings, or Contaminate may cause inaccurate times.
  • Supply counts are checked every 10 seconds.